 Dungeon Crawl Stone Soup version 0.26.1-2-gb8aa6d0cf2 (webtiles) character file.

Game seed: 7094000606963015577

26 Gadfly the Grave Robber (level 3, -6/28 HPs)
             Began as a Gnoll Wanderer on Feb 10, 2021.
             Mangled by an ogre
             ... wielding a +0 giant spiked club
              (31 damage)
             ... on level 2 of the Dungeon.
             The game lasted 00:01:53 (1027 turns).

Gadfly the Grave Robber (Gnoll Wanderer)            Turns: 1027, Time: 00:01:53

Health: -6/28      AC:  2    Str: 11    XL:     3   Next: 8%
Magic:  5/7        EV: 11    Int: 18    God:
Gold:   21         SH:  0    Dex: 14    Spells: 3/7 levels left

rFire    . . .     SeeInvis .   a - +0 spear
rCold    . . .     Faith    .   (no shield)
rNeg     . . .     Spirit   .   c - +0 robe
rPois    .         Reflect  .   (no helmet)
rElec    .         Harm     .   (no cloak)
rCorr    .         Rampage  .   (no gloves)
Will     .....                  (no boots)
Stlth    ++........             (no amulet)
HPRegen  0.09/turn              (no ring)
MPRegen  0.10/turn              (no ring)

@: no status effects
A: distributed training, fangs 1, strong nose
a: no special abilities


You were on level 2 of the Dungeon.
You visited 1 branch of the dungeon, and saw 2 of its levels.

You collected 21 gold pieces.

Inventory:

Hand Weapons
 a - a +0 spear (weapon)
 k - a +0 battleaxe
Armour
 c - a +0 robe (worn)
 e - a +0 ring mail
Jewellery
 i - an uncursed ring of fire {unknown}
 j - a +4 ring of evasion {unknown}
Scrolls
 d - a scroll of teleportation {unknown}
 f - 2 scrolls of magic mapping {unknown}
 h - a scroll of remove curse {unknown}
Potions
 b - 2 potions of curing
 g - a potion of degeneration {unknown}


   Skills:
 + Level 2.5 Fighting
 + Level 0.6 Short Blades
 + Level 0.6 Long Blades
 + Level 0.6 Axes
 + Level 0.6 Maces & Flails
 + Level 0.6 Polearms
 + Level 0.6 Staves
 + Level 0.6 Slings
 + Level 0.6 Bows
 + Level 0.6 Crossbows
 + Level 0.6 Throwing
 + Level 0.6 Armour
 + Level 0.6 Dodging
 + Level 2.3 Stealth
 + Level 4.5 Shields
 + Level 2.5 Unarmed Combat
 + Level 2.8 Spellcasting
 + Level 0.4 Conjurations
 + Level 0.4 Hexes
 + Level 0.4 Summonings
 + Level 5.4 Necromancy
 + Level 0.4 Translocations
 + Level 0.4 Transmutations
 + Level 0.4 Fire Magic
 + Level 0.4 Ice Magic
 + Level 2.1 Air Magic
 + Level 0.4 Earth Magic
 + Level 0.4 Poison Magic
 + Level 0.8 Invocations
 + Level 0.6 Evocations


You had 3 spell levels left.
You knew the following spells:

 Your Spells              Type           Power        Failure   Level
a - Pain                  Necr           88%          1%          1
b - Vampiric Draining     Necr           11%          5%          3

Your spell library contained the following spells:

 Spells                   Type           Power        Failure   Level
 Animate Skeleton         Necr           44%          1%          1
 Animate Dead             Necr           11%          19%         4
 Agony                    Necr           22%          45%         5


Dungeon Overview and Level Annotations

Branches:
Dungeon (2/15)

Altars:


Innate Abilities, Weirdness & Mutations

Your experience applies equally to all skills.
You have very sharp teeth.
Your uncanny sense of smell can sniff out nearby items.


Message History

The ogre is heavily wounded.
You completely miss the ogre.
The ogre is heavily wounded.
The ogre barely misses you.
You hit the ogre.
The ogre is severely wounded.
The ogre completely misses you.
You barely miss the ogre.
The ogre is severely wounded.
The ogre barely misses you.
You hit the ogre.
The ogre is almost dead.
The ogre closely misses you.
You hit the ogre but do no damage. Your bite misses the ogre.
The ogre is almost dead.
You hit the ogre.
The ogre is almost dead.
The ogre hits you with a +0 giant spiked club!!
Ouch! That really hurt!
You die...

##.............#####.
#........#######
#...........#
#...(...###.#
##.....## #.#
#...(#####..
#............
#..#.#.#.#.#.#
#..@..........
#.#O#.#.#.#.#.#
#...........
###..##.#### #.## .#
..# # ###


You could see an ogre.

Vanquished Creatures
  An ooze (D:2)
  A dart slug (D:1)
  A leopard gecko (D:2)
  A giant cockroach (D:2)
  A hobgoblin (D:2)
  5 jackals
  A quokka (D:2)
  A bat (D:1)
  A frilled lizard (D:1)
  3 kobolds (D:2)
  A rat (D:2)
17 creatures vanquished.

Notes
Turn   | Place    | Note
-------+----------+-------------------------------------------
     0 | D:1      | Gadfly the Gnoll Wanderer began the quest for the Orb.
     0 | D:1      | Gadfly set off with the following items: a +0 dagger, 2
                  | potions of curing, a +0 robe; and the following spells
                  | available to memorise: Animate Skeleton, Pain, Vampiric
                  | Draining, Animate Dead, Agony
     0 | D:1      | Reached XP level 1. HP: 17/17 MP: 4/4
     3 | D:1      | Learned a level 1 spell: Pain
   225 | D:1      | Reached XP level 2. HP: 15/23 MP: 0/5
   346 | D:1      | You fall into a shaft and drop 1 floor!
   485 | D:2      | Reached XP level 3. HP: 4/28 MP: 7/7
   850 | D:2      | Learned a level 3 spell: Vampiric Draining
  1014 | D:2      | Noticed an ogre
  1027 | D:2      | Mangled by an ogre

Illustrated notes

Levels and vault maps discovered:
D:1:      giann_horns, layout_basic, kennysheep_crisscross
D:2:      layout_loops_ring, old_standard_altar, minmay_misc_feat_pillars

Skill      XL: |  1 |
---------------+----+-----
Air Magic      | 2 |  2.1
Fighting       | |  2.5
Short Blades   | |  0.6
Long Blades    | |  0.6
Axes           | |  0.6
Maces & Flails | |  0.6
Polearms       | |  0.6
Staves         | |  0.6
Slings         | |  0.6
Bows           | |  0.6
Crossbows      | |  0.6
Throwing       | |  0.6
Armour         | |  0.6
Dodging        | |  0.6
Stealth        | |  2.3
Shields        | |  4.5
Unarmed Combat | |  2.5
Spellcasting   | |  2.8
Conjurations   | |  0.4
Hexes          | |  0.4
Summonings     | |  0.4
Necromancy     | |  5.4
Translocations | |  0.4
Transmutations | |  0.4
Fire Magic     | |  0.4
Ice Magic      | |  0.4
Earth Magic    | |  0.4
Poison Magic   | |  0.4
Invocations    | |  0.8
Evocations     | |  0.6

Action                   || total
-------------------------++-------
Melee: Spear             ||    70
       Bite              ||     6
 Cast: Pain              ||     9
 Stab: Sleeping          ||     2
Armor: Robe              ||     8
Dodge: Dodged            ||    34
